 Dungeon Sprint DCSS version 0.21-a0-442-g848f44b (webtiles) character file.

3945 Kidiri the Martial Artist (level 10, 0/88 HPs)
             Began as a Red Draconian Transmuter on Nov 16, 2017.
             Was a High Priest of Sif Muna.
             Succumbed to a killer bee's poison
             ... in the Dungeon (Sprint III: "The Ten Rune Challenge").
             The game lasted 00:10:57 (2034 turns).

Kidiri the Martial Artist (DrTm)                    Turns: 2034, Time: 00:10:58

Health: 0/88       AC:  7    Str: 13    XL:     10   Next: 1%
Magic:  10/20      EV: 18    Int: 15    God:    Sif Muna [*****.]
Gold:   36         SH:  0    Dex: 13    Spells: 5/23 levels left

rFire    + . .     SeeInvis .     - Unarmed
rCold    + . .     Gourm    .   (shield currently unavailable)
rNeg     . . .     Faith    .   (armour unavailable)
rPois    +         Spirit   .   (helmet restricted)
rElec    .         Reflect  .   (no cloak)
rCorr    .         Harm     .   (gloves currently unavailable)
MR       .....     NoTele   +   (no boots)
Stlth    +++.......             (no amulet)
HPRegen  0.24/turn              (no ring)
MPRegen  0.17/turn              (no ring)

@: lethally poisoned (0 -> -14), blade hands
A: breathe fire, unfitting armour, cold resistance 1, fire resistance 1,
mutation resistance 1, poison resistance, cold-blooded, AC +7
a: Breathe Fire, End Transformation, Divine Energy, Channel Magic, Forget Spell,
Renounce Religion


You were in the Dungeon.
You worshipped Sif Muna.
Sif Muna was extremely pleased with you.
You were not hungry.
You had blades for hands.
You visited 1 branch You collected 36 gold pieces.

Inventory:

Missiles
 a - an arrow
 d - 10 throwing nets (quivered)
Scrolls
 i - a scroll of blinking
 j - a scroll of remove curse
 m - a scroll of holy word
 q - a scroll of torment
 r - a scroll of fog {unknown}
Potions
 f - a potion of haste
 g - 2 potions of magic
 l - 3 potions of mutation
 p - 3 potions of flight
Books
 O - Sif Muna's Tome of Mutagenic Attacks
   (Sif Muna gifted it to you in the Dungeon)

   Spells                             Type                      Level
   a - Shock                          Conjuration/Air              1
   b - Sticks to Snakes               Transmutation                2
   c - Fulminant Prism                Conjuration/Hexes            4
   d - Fireball                       Conjuration/Fire             5
   e - Alistair's Intoxication        Transmutation/Poison         5
   f - Hydra Form                     Transmutation                6
   g - Glaciate                       Conjuration/Ice              9
Comestibles
 c - a bread ration
 k - a royal jelly


   Skills:
 + Level 7.9 Fighting
 * Level 9.6 Dodging
 + Level 7.0 Stealth
 * Level 10.6 Unarmed Combat
 + Level 7.0 Spellcasting
 + Level 3.4 Hexes
 * Level 10.4 Transmutations
 + Level 5.1 Ice Magic
 + Level 6.0 Poison Magic


You had 5 spell levels left.
You knew the following spells:

 Your Spells              Type           Power        Failure   Level  Hunger
a - Beastly Appendage     Tmut           #####.       9%          1    None
b - Sticks to Snakes      Tmut           #####...     10%         2    None
c - Spider Form           Tmut/Pois      ####......   17%         3    ##.....
d - Ice Form              Ice/Tmut       ####....     34%         4    ####...
e - Blade Hands           Tmut           #####.....   32%         5    #####..
f - Confusing Touch       Hex            ###...       26%         1    None
h - Ensorcelled Hibernat  Hex/Ice        ###...       28%         2    None


Dungeon Overview and Level Annotations

Branches:
Dungeon (1/1)

Altars:
Cheibriados
Dithmenos
Elyvilon
Fedhas
Gozag
Hepliaklqana
Kikubaaqudgha
Makhleb
Nemelex Xobeh
Okawaru
Qazlal
Ru
Sif Muna
Trog
Uskayaw
Vehumet
Wu Jian
Xom
Yredelemnul
Zin
The Shining One
Beogh
Jiyva
Lugonu

Annotations:
D exclusion: 2 doors


Innate Abilities, Weirdness & Mutations

You can breathe blasts of fire.
Your fiery red scales are hard. (AC +7)
You cannot fit into any form of body armour.
Your flesh is heat resistant. (rF+)
You are cold-blooded and may be slowed by cold attacks.
Your flesh is cold resistant. (rC+)
You are somewhat resistant to further mutation.
Your system is resistant to poisons. (rPois)


Message History

Unknown command.
You hit the killer bee but do no damage.
You tail-slap the killer bee.
The killer bee is lightly wounded.
You feel sick. The killer bee closely misses you.
Unknown command.
You slash the killer bee!
The killer bee is severely wounded.
You feel sick. The killer bee misses you.
Unknown command.
The killer bee stings you!
* * * LOW HITPOINT WARNING * * *
You are more poisoned.
The killer bee poisons you!
Unknown command.
You slice the killer bee!!
You kill the killer bee!
Sif Muna accepts your kill.
Your Spellcasting skill increases to level 7!
You die...

__.#._# +###+## ......# ......#
#####'#
__#...#+#########################
__#...#....#.#.#y....#......'%.%≈
__#...##.#S.#.##.###:#......#%.%≈
__#...'##.#.#.##@#.†##....y.#


%yy __+...#..S#..#..##Sy'y......# y≈ ▓▓▓▓▓▓▓▓▓▓▓▓▓▓▓▓▓▓▓▓#..y....# y #.......#
+.......# #....:::# ##+###### You could see a killer bee.

Vanquished Creatures
  Erolcha (D)
  A deep elf mage (D)
  A shadow (D)
  2 redbacks (D)
  A spatial vortex (D)
  A necrophage (D)
  4 two-headed ogres (D)
  A water elemental (D)
  23 killer bees (D)
  A jelly (D)
  A wizard (D)
  Jessica (D)
  A necromancer (D)
  A kobold demonologist (D)
  3 humans (D)
  2 oozes (D)
  A phantom (D)
  A rat (D)
47 creatures vanquished.

Vanquished Creatures (collateral kills)
  A two-headed ogre (D)
  A killer bee (D)
2 creatures vanquished.

Vanquished Creatures (others)
  2 draconian scorchers (D)
  6 hellions (D)
  2 yaktaurs (D)
10 creatures vanquished.

Grand Total: 59 creatures vanquished

Notes
Turn   | Place    | Note
-------+----------+-------------------------------------------
     0 | D        | Kidiri the Draconian Transmuter began the quest for the Orb.
     0 | D        | Reached XP level 1. HP: 16/16 MP: 3/3
    16 | D        | Reached skill level 1 in Stealth
    16 | D        | Reached XP level 2. HP: 23/24 MP: 3/5
    34 | D        | Learned a level 2 spell: Sticks to Snakes
    49 | D        | Noticed Jessica
    57 | D        | Killed Jessica
    57 | D        | Reached XP level 3. HP: 30/30 MP: 5/7
    71 | D        | Learned a level 3 spell: Spider Form
   106 | D        | Killed a hellion
   107 | D        | Killed a hellion
   109 | D        | Killed a hellion
   130 | D        | Killed a hellion
   141 | D        | Killed a hellion
   154 | D        | Killed a hellion
   241 | D        | Noticed a water elemental
   250 | D        | Killed a water elemental
   250 | D        | Reached skill level 5 in Unarmed Combat
   250 | D        | Reached XP level 4. HP: 38/38 MP: 1/9
   269 | D        | Killed a white draconian scorcher
   288 | D        | Killed a white draconian scorcher
   328 | D        | Found a radiant altar of Vehumet.
   329 | D        | Found a deep blue altar of Sif Muna.
   329 | D        | Found an ancient bone altar of Kikubaaqudgha.
   329 | D        | Noticed a wizard
   339 | D        | Noticed a hellwing
   339 | D        | Paralysed by a wizard for 4 turns
   340 | D        | Reached skill level 5 in Transmutations
   342 | D        | Killed a wizard
   342 | D        | Reached XP level 5. HP: 42/46 MP: 7/10
   349 | D        | Killed a yaktaur
   374 | D        | Learned a level 4 spell: Ice Form
   378 | D        | Became a worshipper of Sif Muna the Loreminder
   481 | D        | Found a glowing silver altar of Zin.
   482 | D        | Found a glowing golden altar of the Shining One.
   482 | D        | Found a white marble altar of Elyvilon.
   482 | D        | Noticed a deep elf mage
   496 | D        | Killed a deep elf mage
   496 | D        | Reached * piety under Sif Muna
   496 | D        | Reached skill level 5 in Fighting
   496 | D        | Reached XP level 6. HP: 38/56 MP: 5/13
   496 | D        | Your scales start taking on a fiery red colour.
   496 | D        | Reached XP level 7. HP: 42/61 MP: 5/14
   496 | D        | Gained mutation: Your flesh is heat resistant. (rF+) [Red Draconian growth]
   499 | D        | Killed a yaktaur
   528 | D        | Gained mutation: You are somewhat resistant to further mutation. [potion of mutation]
   528 | D        | Gained mutation: Your flesh is cold resistant. (rC+) [potion of mutation]
   528 | D        | Gained mutation: Your system is resistant to poisons. (rPois) [potion of mutation]
   538 | D        | Learned a level 5 spell: Blade Hands
   594 | D        | Found an ornate altar of the Wu Jian Council.
   594 | D        | Found a roughly hewn altar of Beogh.
   594 | D        | Found an iron altar of Okawaru.
   594 | D        | Found a bloodstained altar of Trog.
   594 | D        | Found a hide-covered altar of Uskayaw.
   594 | D        | Noticed a human
   595 | D        | Noticed a human
   599 | D        | Killed a human
   599 | D        | Reached skill level 5 in Spellcasting
   605 | D        | Killed a human
   605 | D        | Reached ** piety under Sif Muna
   605 | D        | Reached skill level 5 in Stealth
   677 | D        | Found a basalt altar of Yredelemnul.
   677 | D        | Found a shadowy altar of Dithmenos.
   677 | D        | Found a sacrificial altar of Ru.
   835 | D        | Noticed a shadow
   840 | D        | Killed a shadow
   840 | D        | Reached XP level 8. HP: 31/70 MP: 10/16
  1051 | D        | Found a blossoming altar of Fedhas.
  1051 | D        | Found a stormy altar of Qazlal.
  1051 | D        | Found a snail-covered altar of Cheibriados.
  1051 | D        | Found a burning altar of Makhleb.
  1051 | D        | Found a shimmering altar of Xom.
  1052 | D        | Found a hazy altar of Hepliaklqana.
  1052 | D        | Found an opulent altar of Gozag.
  1052 | D        | Found a sparkling altar of Nemelex Xobeh.
  1052 | D        | Found a corrupted altar of Lugonu.
  1052 | D        | Found a viscous altar of Jiyva.
  1062 | D        | Reached *** piety under Sif Muna
  1211 | D        | Learned a level 1 spell: Confusing Touch
  1214 | D        | Noticed a two-headed ogre
  1223 | D        | Killed a two-headed ogre
  1223 | D        | Reached skill level 1 in Hexes
  1306 | D        | Noticed a two-headed ogre
  1306 | D        | Noticed Erolcha
  1313 | D        | Killed a two-headed ogre
  1313 | D        | Reached **** piety under Sif Muna
  1316 | D        | Killed Erolcha
  1316 | D        | Reached skill level 5 in Poison Magic
  1316 | D        | Reached XP level 9. HP: 60/79 MP: 10/18
  1401 | D        | Learned a level 1 spell: Corona
  1406 | D        | Learned a level 2 spell: Ensorcelled Hibernation
  1418 | D        | Reached ***** piety under Sif Muna
  1418 | D        | Reached skill level 10 in Unarmed Combat
  1420 | D        | Identified Sif Muna's Tome of Mutagenic Attacks (Sif Muna gifted it to you in the Dungeon)
  1420 | D        | Received a gift from Sif Muna
  1663 | D        | Reached skill level 10 in Transmutations
  1985 | D        | Reached skill level 5 in Ice Magic
  2006 | D        | Received a gift from Sif Muna
  2007 | D        | Noticed a queen bee
  2027 | D        | Reached XP level 10. HP: 20/88 MP: 13/20
  2033 | D        | HP: 1/88 [killer bee (9)]
  2034 | D        | Succumbed to a killer bee's poison

Vault maps used:
D:        dungeon_sprint_mu

Skill      XL: |  1  2  3  4  5  6  7  8  9 10 |
---------------+-------------------------------+-----
Dodging        | 2 3 4 6 7 8 9 |  9.6
Stealth        | 1 2 3 4 5 6 7 |  7.0
Fighting       | 2 3 5 6 7 |  7.9
Unarmed Combat | 4 5 7 8 9 10 | 10.6
Transmutations | 3 4 5 7 8 9 10 | 10.4
Spellcasting   | 3 4 5 6 7 |  7.0
Ice Magic      | 2 3 4 5 |  5.1
Poison Magic   | 2 4 5 6 |  6.0
Hexes          | 2 3 |  3.4

Action                   |  1- 3 |  4- 6 |  7- 9 | 10-12 || total
-------------------------+-------+-------+-------+-------++-------
Melee: Unarmed           |    30 |    13 |   122 |     3 ||   168
       Headbutt          |     2 |       |       |       ||     2
       Tailslap          |     1 |       |    17 |     1 ||    19
       Kick              |     1 |       |       |       ||     1
       Punch             |       |       |     2 |       ||     2
 Cast: Beastly Appendage |     3 |       |       |       ||     3
       Spider Form       |     3 |     3 |       |       ||     6
       Sticks to Snakes  |     2 |       |     4 |     1 ||     7
       Blade Hands       |       |       |    10 |       ||    10
       Confusing Touch   |       |       |     3 |       ||     3
       Corona            |       |       |     2 |       ||     2
Invok: Forget Spell      |       |       |     1 |       ||     1
 Abil: Breathe Fire      |       |       |     2 |       ||     2
  Use: Scroll            |       |       |     3 |       ||     3
       Potion            |       |       |     5 |       ||     5
 Stab: Sleeping          |     1 |     2 |     2 |       ||     5
       Distracted        |     1 |       |       |       ||     1
       Confused          |       |       |     4 |       ||     4
  Eat: Chunk             |       |       |     5 |       ||     5
       Fruit             |       |       |     2 |       ||     2
       Bread ration      |       |       |     1 |       ||     1
Armor: Skin              |     1 |       |    16 |       ||    17
Dodge: Dodged            |    19 |    11 |   115 |     4 ||   149

Table legend:
 A = Spawn XP
 B = Non-spawn XP
 C = Spawn XP percentage of total XP
 D = Spawn monster count
 E = Non-spawn monster count
 F = Spawn count percentage of total count
 G = Total turns spent on level
                    A         B        C        D         E        F      G
               +---------+---------+-------+---------+---------+-------+---------
         Total |       0 |    5636 |   0.0 |       0 |      49 |   0.0 |  2034
               +---------+---------+-------+---------+---------+-------+---------
             D |       0 |    5636 |   0.0 |       0 |      49 |   0.0 |  2034
               +---------+---------+-------+---------+---------+-------+---------
